 Dungeon Crawl Stone Soup version 0.25-a0-265-g7af84ae0ac (webtiles) character file.

Game seed: 12622616991247842238, levelgen mode: deterministic

26 mortelune the Firebug (level 2, -5/15 HPs)
             Began as a Deep Elf Fire Elementalist on Dec 7, 2019.
             Killed from afar by Natasha (7 damage)
             ... with a magic dart
             ... on level 1 of the Dungeon.
             The game lasted 00:03:15 (1287 turns).

mortelune the Firebug (Deep Elf Fire Elementalist)  Turns: 1287, Time: 00:03:15

Health: -5/15      AC:  5    Str:  5    XL:     2   Next: 89%
Magic:  7/8        EV: 13    Int: 19    God:
Gold:   32         SH:  0    Dex: 15    Spells: 6/7 levels left

rFire    . . .     SeeInvis .   b - +0 club
rCold    . . .     Gourm    .   (no shield)
rNeg     . . .     Faith    .   a - +0 robe
rPois    .         Spirit   .   (no helmet)
rElec    .         Reflect  .   (no cloak)
rCorr    .         Harm     .   f - +0 pair of gloves
MR       .....                  (no boots)
Stlth    ++........             (no amulet)
HPRegen  0.05/turn              e - +2 ring of protection
MPRegen  0.11/turn              (no ring)

@: slowed, very slow
A: no striking features
a: no special abilities


You were on level 1 of the Dungeon.
You were not hungry.

You visited 1 branch of the dungeon, and saw 2 of its levels.

You collected 32 gold pieces.

Inventory:

Hand Weapons
 b - a +0 club (weapon)
Armour
 a - a +0 robe (worn)
 f - a +0 pair of gloves (worn)
Jewellery
 e - a +2 ring of protection (left hand)
Scrolls
 g - a scroll of identify {unknown}
Potions
 d - a potion of curing {unknown}
Comestibles
 c - a ration


   Skills:
 + Level 2.8 Dodging
 - Level 2.4 Stealth
 - Level 3.0 Spellcasting
 * Level 2.1 Conjurations
 * Level 3.8 Fire Magic


You had 6 spell levels left.
You knew the following spells:

 Your Spells              Type           Power        Failure   Level  Hunger
a - Foxfire               Conj/Fire      ##..         4%          1    None

Your spell library contained the following spells:

 Spells                   Type           Power        Failure   Level  Hunger
 Conjure Flame            Conj/Fire      ##......     13%         3    ###....
 Inner Flame              Hex/Fire       ##......     21%         3    ###....
 Sticky Flame             Conj/Fire      ##......     41%         4    ####...
 Fireball                 Conj/Fire      ##........   77%         5    ######.


Dungeon Overview and Level Annotations

Branches:
Dungeon (2/15)

Altars:

Annotations:
D:1 vault dig, Natasha


Message History

You conjure some foxfire!
Do you really want to walk into your foxfire?
You swap places.
The foxfire hits you.
The foxfire hits Natasha.
Natasha is moderately wounded.
Natasha claws you.
* * * LOW HITPOINT WARNING * * *
There is a stone staircase leading up, spattered with blood here.
Natasha closely misses you.
You climb upwards.
Level annotation: vault dig
There is a stone staircase leading down here.
Casting: Foxfire (safe; 4% risk of failure)
Confirm with . or Enter, or press ? or * to list all spells.
You conjure some foxfire!
Natasha mumbles some strange words.
Natasha howls an incantation.
You feel disoriented. Natasha casts a spell at you. The magic dart hits you!
You die...

#.....##..#
##.##.###.##
##.##.###..#
#####..##......###
#.......######...#
#....)..# ##..####
#......5# #......
#....h..# ##......
#...@v..######.......
#....v........(......
#....................
#####..#####.........
#..#)?(#.........
#..#($$#.........
#..#"!?#.........
#..#####.........
#.........#......


You could see Natasha and a crimson imp.

Vanquished Creatures
  An ooze (D:1)
  A dart slug (D:1)
  2 goblins (D:1)
  3 hobgoblins (D:1)
  2 jackals (D:1)
  4 kobolds (D:1)
  3 bats (D:1)
  4 rats
20 creatures vanquished.

Vanquished Creatures (others)
  58 foxfires
58 creatures vanquished.

Grand Total: 78 creatures vanquished

Notes
Turn   | Place    | Note
-------+----------+-------------------------------------------
     0 | D:1      | mortelune the Deep Elf Fire Elementalist began the quest
                  | for the Orb.
     0 | D:1      | Reached XP level 1. HP: 10/10 MP: 6/6
   117 | D:1      | Reached XP level 2. HP: 8/15 MP: 0/8
  1272 | D:2      | Noticed Natasha
  1287 | D:1      | Killed from afar by Natasha

Levels and vault maps discovered:
D:1:      dpeg_arrival_connections, layout_rooms,
          chequers_serial_rivers_large_b, chequers_serial_rivers_room_a,
          due_unseen_surprise
D:2:      layout_loops_ring, gammafunk_temple_overflow_wave, serial_forest,
          infiniplex_forest_straight_2, infiniplex_forest_lined_2,
          infiniplex_forest_lined_room_3, infiniplex_forest_clump_tiny,
          infiniplex_forest_clump_diagonal, infiniplex_forest_clump_double,
          first_ration, minmay_randomly_rotated_circles, uniq_jessica,
          uniq_natasha

Skill      XL: |  1  2 |
---------------+-------+-----
Conjurations   | 2 |  2.1
Dodging        | |  2.8
Stealth        | |  2.4
Spellcasting   | |  3.0
Fire Magic     | |  3.8

Action                   || total
-------------------------++-------
Melee: Club              ||     3
 Cast: Foxfire           ||    37
  Eat: Chunk             ||     1
Armor: Robe              ||     7
Dodge: Dodged            ||    22

Table legend:
 A = Non-vault XP
 B = Vault XP
 C = Vault XP percentage of total XP
 D = Non-vault monster count
 E = Vault monster count
 F = Vault count percentage of total count
                 A         B        C        D         E       F
            +---------+---------+-------+---------+---------+-------
      Total |      38 |       0 |   0.0 |      20 |       0 |   0.0
            +---------+---------+-------+---------+---------+-------
        D:1 |      37 |       0 |   0.0 |      19 |       0 |   0.0
        D:2 |       1 |       0 |   0.0 |       1 |       0 |   0.0
            +---------+---------+-------+---------+---------+-------
